 Dungeon Crawl Stone Soup version 0.22.1-1-ga44c0e56f4 (webtiles) character file.

55 OdinFK the Skirmisher (level 3, 0/30 HPs)
             Began as a Demonspawn Abyssal Knight on Oct 20, 2018.
             Was a Believer of Lugonu.
             Succumbed to an adder's poison
             ... on level 3 of the Dungeon.
             The game lasted 00:03:57 (1625 turns).

OdinFK the Skirmisher (Demonspawn Abyssal Knight)   Turns: 1625, Time: 00:03:58

Health: 0/30       AC:  8    Str: 13    XL:     3   Next: 67%
Magic:  4/4        EV:  6    Int: 13    God:    Lugonu [**....]
Gold:   146        SH:  0    Dex: 12    Spells: 2/2 levels left

rFire    + . .     SeeInvis .   a - +1 hand axe
rCold    . . .     Gourm    .   (no shield)
rNeg     . . .     Faith    .   g - +0 chain mail
rPois    .         Spirit   .   (helmet restricted)
rElec    .         Reflect  .   m - scarf {repulsion}
rCorr    .         Harm     .   (no gloves)
MR       .....                  (no boots)
Stlth    ..........             (no amulet)
HPRegen  0.10/turn              (no ring)
MPRegen  0.09/turn              (no ring)

@: lethally poisoned (0 -> -8), repel missiles
A: horns 1, fire resistance 1
a: Depart the Abyss, Bend Space, Renounce Religion


You were on level 3 of the Dungeon.
You worshipped Lugonu.
Lugonu was pleased with you.
You were not hungry.

You visited 1 branch of the dungeon, and saw 3 of its levels.
You visited the Abyss 1 time.

You collected 146 gold pieces.

Inventory:

Hand Weapons
 a - a +1 hand axe (weapon)
Armour
 g - a +0 chain mail (worn)
 m - a scarf of repulsion (worn)
Scrolls
 d - a scroll of magic mapping {unknown}
 e - a scroll of identify {unknown}
 f - a scroll of teleportation {unknown}
 l - a scroll of noise {unknown}
 o - a scroll of remove curse {unknown}
Potions
 b - a potion of curing {unknown}
 h - a potion of brilliance {unknown}
 i - a potion of heal wounds {unknown}
 j - 2 potions of degeneration {unknown}
 k - 2 potions of invisibility {unknown}
 n - a potion of agility {unknown}
Comestibles
 c - 6 rations


   Skills:
 + Level 3.7 Fighting
 + Level 2.6 Axes
 + Level 2.1 Armour
 + Level 1.2 Dodging
 - Level 2.4 Invocations


You had 2 spell levels left.
You didn't know any spells.
Your spell library was empty.

Dungeon Overview and Level Annotations

Branches:
Dungeon (3/15)

Altars:
Cheibriados


Innate Abilities, Weirdness & Mutations

You have a pair of small horns on your head.
Your flesh is heat resistant. (rF+)


Message History

You feel sick. The adder closely misses you.
You closely miss the adder.
The adder is severely wounded.
The adder bites you.
* * * LOW HITPOINT WARNING * * *
The adder bites you.
* * * LOW HITPOINT WARNING * * *
You are more poisoned.
The adder poisons you!
You completely miss the adder.
The adder is severely wounded.
* * * LOW HITPOINT WARNING * * *
You feel sick. The adder bites you but does no damage.
You closely miss the adder.
The adder is severely wounded.
* * * LOW HITPOINT WARNING * * *
You feel sick.
The adder bites you but does no damage. x2
You barely miss the adder.
The adder is severely wounded.
You die...

### ..# #.#
#%#####$#######
#.S............ #######
#S############## #..)..#
#@##...........#
#.###.###.##.#########.#
#.# #.....##.# #.# #†#
########.# #.# #.# #.#
#.# #.# #.# #)# #.# #.#
#.# #.# #.# #.#
#.##########.# #<#


You could see an adder.

Vanquished Creatures
  An adder (D:2)
  A dart slug (D:1)
  3 leopard geckos
  An orc (D:3)
  3 giant cockroaches
  4 goblins
  4 hobgoblins
  A quokka (D:3)
  2 bats (D:1)
  5 frilled lizards (D:1)
  10 kobolds
  5 rats
40 creatures vanquished.

Notes
Turn   | Place    | Note
-------+----------+-------------------------------------------
     0 | Abyss:1  | OdinFK the Demonspawn Abyssal Knight began the quest for
                  | the Orb.
     0 | Abyss:1  | Reached XP level 1. HP: 18/18 MP: 2/2
    33 | D:1      | Escaped the Abyss
   149 | D:1      | Reached skill level 1 in Dodging
   149 | D:1      | Gained mutation: You have a pair of small horns on your
                  | head. [demonic ancestry]
   149 | D:1      | Reached XP level 2. HP: 20/24 MP: 3/3
   307 | D:1      | Reached ** piety under Lugonu
   520 | D:2      | Found a snail-covered altar of Cheibriados.
   556 | D:2      | Gained mutation: Your flesh is heat resistant. (rF+)
                  | [demonic ancestry]
   556 | D:2      | Reached XP level 3. HP: 23/30 MP: 4/4
  1624 | D:3      | HP: 1/30 [poisoned by an adder]
  1625 | D:3      | Succumbed to an adder's poison

Skill      XL: |  1  2 |
---------------+-------+-----
Dodging        | 1 |  1.2
Axes           | 2 |  2.6
Armour         | 2 |  2.1
Fighting       | |  3.7
Invocations    | |  2.4

Action                   || total
-------------------------++-------
Melee: Hand axe          ||   133
       Headbutt          ||     7
  Eat: Chunk             ||     2
Armor: Chain mail        ||    74
       Leather armour    ||     4
Dodge: Dodged            ||    46
       Deflected         ||     1
